TOP OF THE 1ST |
New Hampshire Fisher Cats batting - Pitching for Jackson Generals : RHP Jim Ruleman
|
Pitching: RHP Jim Ruleman
|
|
Batting: RHB Tokuji Kawabata
|
0-0: Foul Ball, location: 2F 0-1: Called Strike 0-2: Strikes out swinging
|
Batting: SHB Bryan Johnston
|
0-0: Swinging Strike 0-1: Ball 1-1: Ball 2-1: Foul Ball, location: 2F 2-2: Foul Ball, location: 2F 2-2: Ball 3-2: Ground out 6-3 (Groundball, 6, EV 101.9 MPH)
|
Batting: RHB Raul de la Cruz
|
0-0: Ball 1-0: Called Strike 1-1: Ball 2-1: Called Strike 2-2: Ball 3-2: Base on Balls
|
Batting: SHB Gregg Whitecotton
|
0-0: Ball 1-0: Ball 2-0: Called Strike 2-1: Ground out 4-3 (Groundball, 4, EV 93.8 MPH)
|
Top of the 1st over - 0 runs, 0 hits, 0 errors, 1 left on base; New Hampshire 0 - Jackson 0 |
BOTTOM OF THE 1ST |
Jackson Generals batting - Pitching for New Hampshire Fisher Cats : RHP Hanskarl Miller
|
Pitching: RHP Hanskarl Miller
|
|
Batting: LHB Addisu Nyamekye
|
0-0: Ball 1-0: Ball 2-0: Reached on error, E7 (Flyball, 7LM, EV 96.9 MPH)
|
Batting: RHB Enrique Valdez
|
0-0: Ball 1-0: DOUBLE (Flyball, 8LXD, EV 102.5 MPH) Addisu Nyamekye to third
|
Batting: RHB Kinzo Yokoyama
|
0-0: Ball 1-0: Called Strike 1-1: Called Strike 1-2: Strikes out swinging
|
Batting: RHB Chris Skaff
|
0-0: Ball 1-0: Called Strike 1-1: Foul Ball, location: 2F 1-2: Foul Ball, location: 2F 1-2: Strikes out swinging
|
Batting: LHB Jason Kinney
|
0-0: Swinging Strike 0-1: Called Strike 0-2: Strikes out swinging
|
Bottom of the 1st over - 0 runs, 1 hit, 1 error, 2 left on base; New Hampshire 0 - Jackson 0 |
TOP OF THE 2ND |
New Hampshire Fisher Cats batting - Pitching for Jackson Generals : RHP Jim Ruleman
|
Batting: LHB Gabe Pace
|
0-0: Swinging Strike 0-1: Called Strike 0-2: Ball 1-2: Strikes out swinging
|
Batting: RHB John Hering
|
0-0: Ball 1-0: Ground out 5-3 (Groundball, 5, EV 90.0 MPH)
|
Batting: RHB Chris Pounds
|
0-0: Swinging Strike 0-1: Called Strike 0-2: Strikes out looking
|
Top of the 2nd over - 0 runs, 0 hits, 0 errors, 0 left on base; New Hampshire 0 - Jackson 0 |
BOTTOM OF THE 2ND |
Jackson Generals batting - Pitching for New Hampshire Fisher Cats : RHP Hanskarl Miller
|
Batting: RHB Jose Zuniga
|
0-0: Ball 1-0: Ball 2-0: DOUBLE (Line Drive, 7LS, EV 106.9 MPH)
|
Batting: RHB Ryan Criollo
|
0-0: Ball 1-0: Ball 2-0: Ground out 4-3 (Groundball, 4, EV 101.9 MPH) Jose Zuniga to third
|
Batting: RHB Chris Van Niel
|
0-0: Ball 1-0: Called Strike 1-1: Called Strike 1-2: Ground out 6-3 (Groundball, 6, EV 104.4 MPH) Jose Zuniga scores
|
Batting: LHB Matt Hepburn
|
0-0: Foul Ball, location: 2F 0-1: Swinging Strike 0-2: Strikes out swinging
|
Bottom of the 2nd over - 1 run, 1 hit, 0 errors, 0 left on base; New Hampshire 0 - Jackson 1 |
TOP OF THE 3RD |
New Hampshire Fisher Cats batting - Pitching for Jackson Generals : RHP Jim Ruleman
|
Batting: LHB Kurt Estep
|
0-0: Ball 1-0: Called Strike 1-1: SINGLE (Flyball, 6D, EV 86.9 MPH)
|
Batting: LHB Eddie Muniz
|
0-0: Ball 1-0: Ball 2-0: Called Strike 2-1: Ball 3-1: Grounds into double play, 4-6-3 (Groundball, 34D, EV 75.6 MPH)
|
Batting: RHB Tokuji Kawabata
|
0-0: Foul Ball, location: 2F 0-1: Ball 1-1: Ball 2-1: Swinging Strike 2-2: Strikes out swinging
|
Top of the 3rd over - 0 runs, 1 hit, 0 errors, 0 left on base; New Hampshire 0 - Jackson 1 |
BOTTOM OF THE 3RD |
Jackson Generals batting - Pitching for New Hampshire Fisher Cats : RHP Hanskarl Miller
|
Batting: LHB Addisu Nyamekye
|
0-0: Ball 1-0: Swinging Strike 1-1: Foul Ball, location: 2F 1-2: Ball 2-2: Foul Ball, location: 2F 2-2: Ball 3-2: Ground out 6-3 (Groundball, 6, EV 84.4 MPH)
|
Batting: RHB Enrique Valdez
|
0-0: Called Strike 0-1: Ball 1-1: Foul Ball, location: 2F 1-2: Ball 2-2: Foul Ball, location: 2F 2-2: Strikes out looking
|
Batting: RHB Kinzo Yokoyama
|
0-0: Ball 1-0: Called Strike 1-1: Fly out, F9 (Flyball, 9D, EV 94.4 MPH)
|
Bottom of the 3rd over - 0 runs, 0 hits, 0 errors, 0 left on base; New Hampshire 0 - Jackson 1 |
TOP OF THE 4TH |
New Hampshire Fisher Cats batting - Pitching for Jackson Generals : RHP Jim Ruleman
|
Batting: SHB Bryan Johnston
|
0-0: Swinging Strike 0-1: Ball 1-1: Fly out, F7 (Flyball, 7, EV 87.5 MPH)
|
Batting: RHB Raul de la Cruz
|
0-0: Foul Ball, location: 2F 0-1: Ground out 6-3 (Groundball, P, EV 84.4 MPH)
|
Batting: SHB Gregg Whitecotton
|
0-0: Ball 1-0: Swinging Strike 1-1: Ball 2-1: DOUBLE (Line Drive, 78M, EV 110.6 MPH)
|
Batting: LHB Gabe Pace
|
0-0: Swinging Strike 0-1: Ball 1-1: Called Strike 1-2: Foul Ball, location: 2F 1-2: Ball 2-2: Foul Ball, location: 2F 2-2: Ground out 4-3 (Groundball, 4, EV 81.9 MPH)
|
Top of the 4th over - 0 runs, 1 hit, 0 errors, 1 left on base; New Hampshire 0 - Jackson 1 |
BOTTOM OF THE 4TH |
Jackson Generals batting - Pitching for New Hampshire Fisher Cats : RHP Hanskarl Miller
|
Batting: RHB Chris Skaff
|
0-0: Fly out, F3 (Line Drive, 3L, EV 72.5 MPH)
|
Batting: LHB Jason Kinney
|
0-0: Ball 1-0: Foul Ball, location: 2F 1-1: Swinging Strike 1-2: Ball 2-2: Strikes out swinging
|
Batting: RHB Jose Zuniga
|
0-0: Called Strike 0-1: Foul Ball, location: 2F 0-2: Ball 1-2: Ball 2-2: Ground out 6-3 (Groundball, 56, EV 88.1 MPH)
|
Bottom of the 4th over - 0 runs, 0 hits, 0 errors, 0 left on base; New Hampshire 0 - Jackson 1 |
TOP OF THE 5TH |
New Hampshire Fisher Cats batting - Pitching for Jackson Generals : RHP Jim Ruleman
|
Batting: RHB John Hering
|
0-0: Ground out 5-3 (Groundball, 56, EV 85.6 MPH)
|
Batting: RHB Chris Pounds
|
0-0: Ball 1-0: Called Strike 1-1: Foul Ball, location: 2F 1-2: Foul Ball, location: 2F 1-2: Foul Ball, location: 2F 1-2: Ball 2-2: Foul Ball, location: 2F 2-2: Foul Ball, location: 2F 2-2: Foul Ball, location: 2F 2-2: Ball 3-2: Foul Ball, location: 2F 3-2: Foul Ball, location: 2F 3-2: Ground out 4-3 (Groundball, 4, EV 83.8 MPH)
|
Batting: LHB Kurt Estep
|
0-0: Ground out 6-3 (Groundball, 6, EV 86.9 MPH)
|
Top of the 5th over - 0 runs, 0 hits, 0 errors, 0 left on base; New Hampshire 0 - Jackson 1 |
BOTTOM OF THE 5TH |
Jackson Generals batting - Pitching for New Hampshire Fisher Cats : RHP Hanskarl Miller
|
Batting: RHB Ryan Criollo
|
0-0: Ball 1-0: Called Strike 1-1: Ball 2-1: Foul Ball, location: 2F 2-2: DOUBLE (Groundball, 3L, EV 111.2 MPH)
|
Pinch Runner at 2nd Mike Conaway:
|
|
Batting: RHB Chris Van Niel
|
0-0: Ball 1-0: Ball 2-0: Ball 3-0: Foul Ball, location: 2F 3-1: Base on Balls
|
Batting: LHB Matt Hepburn
|
0-0: Ball 1-0: Fielders Choice at 2nd, 5-4 (Groundball, 56S, EV 78.8 MPH) Mike Conaway to third
|
Batting: LHB Addisu Nyamekye
|
0-0: Ball 1-0: Ball Matt Hepburn steals 2nd base 2-0: Called Strike 2-1: Foul Ball, location: 2F 2-2: SINGLE (Groundball, 6D, EV 94.4 MPH) Mike Conaway scores Matt Hepburn to third Runner from 3rd tries for Home, throw by CF and OUT! 8-2
|
Batting: RHB Enrique Valdez
|
0-0: Foul Ball, location: 2F 0-1: Ball 1-1: Ball 2-1: Foul Ball, location: 2F 2-2: Ball 3-2: Foul Ball, location: 2F 3-2: Foul Ball, location: 2F 3-2: SINGLE (Groundball, 56, EV 102.5 MPH) (infield hit) Addisu Nyamekye to second
|
Batting: RHB Kinzo Yokoyama
|
0-0: Called Strike 0-1: Ball 1-1: Foul Ball, location: 2F 1-2: Foul Ball, location: 2F 1-2: Fly out, F7 (Flyball, 7D, EV 94.4 MPH)
|
Bottom of the 5th over - 1 run, 3 hits, 0 errors, 2 left on base; New Hampshire 0 - Jackson 2 |
TOP OF THE 6TH |
New Hampshire Fisher Cats batting - Pitching for Jackson Generals : RHP Jim Ruleman
|
Now in LF: Mike Conaway
|
|
Batting: LHB Eddie Muniz
|
0-0: Foul Ball, location: 2F 0-1: Fly out, F9 (Flyball, 9LSF, EV 96.9 MPH)
|
Batting: RHB Tokuji Kawabata
|
0-0: Ball 1-0: Swinging Strike 1-1: Swinging Strike 1-2: Strikes out swinging
|
Batting: SHB Bryan Johnston
|
0-0: Swinging Strike 0-1: Ground out U3 (Groundball, 3, EV 102.5 MPH)
|
Top of the 6th over - 0 runs, 0 hits, 0 errors, 0 left on base; New Hampshire 0 - Jackson 2 |
BOTTOM OF THE 6TH |
Jackson Generals batting - Pitching for New Hampshire Fisher Cats : RHP Hanskarl Miller
|
Batting: RHB Chris Skaff
|
0-0: Ball 1-0: Foul Ball, location: 2F 1-1: Ball 2-1: Ball 3-1: Foul Ball, location: 2F 3-2: Ground out 4-3 (Groundball, 4, EV 88.1 MPH)
|
Batting: LHB Jason Kinney
|
0-0: Foul Ball, location: 2F 0-1: Called Strike 0-2: Ball 1-2: Foul Ball, location: 2F 1-2: Ball 2-2: Foul Ball, location: 2F 2-2: Strikes out swinging
|
Batting: RHB Jose Zuniga
|
0-0: Ground out 6-3 (Groundball, 6, EV 82.5 MPH)
|
Bottom of the 6th over - 0 runs, 0 hits, 0 errors, 0 left on base; New Hampshire 0 - Jackson 2 |
TOP OF THE 7TH |
New Hampshire Fisher Cats batting - Pitching for Jackson Generals : RHP Jim Ruleman
|
Batting: RHB Raul de la Cruz
|
0-0: Called Strike 0-1: Foul Ball, location: 2F 0-2: Fly out, F9 (Flyball, 9, EV 87.5 MPH)
|
Batting: SHB Gregg Whitecotton
|
0-0: Ball 1-0: Ground out U3 (Groundball, 3, EV 101.2 MPH)
|
Batting: LHB Gabe Pace
|
0-0: Ball 1-0: Swinging Strike 1-1: Called Strike 1-2: Reached via error on a dropped throw from 1B, E1 (Groundball, 34, EV 105.6 MPH)
|
Batting: RHB John Hering
|
0-0: Called Strike 0-1: Ball 1-1: Foul Ball, location: 2F 1-2: Ball 2-2: Ball 3-2: Strikes out looking
|
Top of the 7th over - 0 runs, 0 hits, 1 error, 1 left on base; New Hampshire 0 - Jackson 2 |
BOTTOM OF THE 7TH |
Jackson Generals batting - Pitching for New Hampshire Fisher Cats : RHP Hanskarl Miller
|
Pitching: LHP Bryan Reynolds
|
|
Batting: RHB Mike Conaway
|
0-0: Called Strike 0-1: Foul Ball, location: 2F 0-2: Ball 1-2: SINGLE (Groundball, 34D, EV 98.1 MPH)
|
Batting: RHB Chris Van Niel
|
0-0: Called Strike 0-1: Ball 1-1: Ball 2-1: Called Strike 2-2: Ball 3-2: Fly out, F2 (Popup, 23F, EV 75.0 MPH)
|
Batting: LHB Matt Hepburn
|
0-0: Ball 1-0: Foul Ball, location: 2F 1-1: Called Strike 1-2: Ball 2-2: Fielders Choice at 2nd, 3-6 (Groundball, 3, EV 91.2 MPH)
|
Batting: LHB Addisu Nyamekye
|
0-0: Ball Matt Hepburn is caught stealing 2nd base 2-6
|
Bottom of the 7th over - 0 runs, 1 hit, 0 errors, 0 left on base; New Hampshire 0 - Jackson 2 |
TOP OF THE 8TH |
New Hampshire Fisher Cats batting - Pitching for Jackson Generals : RHP Jim Ruleman
|
Batting: RHB Chris Pounds
|
0-0: Ball 1-0: Foul Ball, location: 2F 1-1: Foul Ball, location: 2F 1-2: Ball 2-2: Foul Ball, location: 2F 2-2: Ball 3-2: Base on Balls
|
Batting: LHB Kurt Estep
|
0-0: Ball 1-0: Ball 2-0: Called Strike 2-1: Fielders Choice at 2nd, 1-6 (Groundball, 13S, EV 71.2 MPH)
|
Batting: LHB Eddie Muniz
|
0-0: Ball 1-0: Called Strike 1-1: Ball 2-1: Ball 3-1: Called Strike 3-2: Foul Ball, location: 2F 3-2: Ground out 4-3 (Groundball, 4, EV 90.6 MPH) Kurt Estep to second
|
Batting: RHB Tokuji Kawabata
|
0-0: Called Strike 0-1: Swinging Strike 0-2: Ball 1-2: Fly out, F8 (Flyball, 78M, EV 85.6 MPH)
|
Top of the 8th over - 0 runs, 0 hits, 0 errors, 1 left on base; New Hampshire 0 - Jackson 2 |
BOTTOM OF THE 8TH |
Jackson Generals batting - Pitching for New Hampshire Fisher Cats : LHP Bryan Reynolds
|
Batting: LHB Addisu Nyamekye
|
0-0: Ball 1-0: Ball 2-0: Ball 3-0: Called Strike 3-1: Called Strike 3-2: SINGLE (Groundball, 3D, EV 99.4 MPH)
|
Batting: RHB Enrique Valdez
|
0-0: Bunt missed! 0-1: Bunt missed! 0-2: Ball 1-2: Foul Ball, location: 2F 1-2: Foul Ball, location: 2F 1-2: SINGLE (Groundball, 34S, EV 78.1 MPH) (infield hit) Addisu Nyamekye to second
|
Batting: RHB Kinzo Yokoyama
|
0-0: Called Strike 0-1: SINGLE (Line Drive, 6D, EV 101.9 MPH) Addisu Nyamekye to third Enrique Valdez to second
|
Batting: RHB Chris Skaff
|
0-0: Ball 1-0: Called Strike 1-1: Grounds into fielders choice 4-2 (Groundball, 4, EV 86.9 MPH) Enrique Valdez to third Kinzo Yokoyama to second
|
Batting: LHB Jason Kinney
|
0-0: Grounds into fielders choice 4-2 (Groundball, 34, EV 106.2 MPH) Kinzo Yokoyama to third Chris Skaff to second
|
Batting: RHB Jose Zuniga
|
0-0: Called Strike 0-1: Ball 1-1: Ball 2-1: SINGLE (Groundball, 56D, EV 109.4 MPH) Kinzo Yokoyama scores Chris Skaff to third Jason Kinney to second Runner from 3rd tries for Home, SAFE, throw by LF to home
|
Batting: RHB Mike Conaway
|
0-0: Ball 1-0: Ball 2-0: Ball 3-0: Called Strike 3-1: Base on Balls Jason Kinney to third Jose Zuniga to second
|
Pitching: RHP Takehide Tanaka
|
|
Batting: RHB Chris Van Niel
|
0-0: Swinging Strike 0-1: Ball 1-1: Swinging Strike 1-2: Strikes out swinging
|
Bottom of the 8th over - 2 runs, 4 hits, 0 errors, 3 left on base; New Hampshire 0 - Jackson 4 |
TOP OF THE 9TH |
New Hampshire Fisher Cats batting - Pitching for Jackson Generals : RHP Jim Ruleman
|
Batting: SHB Bryan Johnston
|
0-0: Ball 1-0: Ball 2-0: Ball 3-0: Called Strike 3-1: Called Strike 3-2: Strikes out looking
|
Pitching: RHP Kyle Wood
|
|
Batting: RHB Raul de la Cruz
|
0-0: Called Strike 0-1: Called Strike 0-2: Ball 1-2: Ball 2-2: Foul Ball, location: 2F 2-2: Ball 3-2: Fly out, F9 (Flyball, 9D, EV 108.8 MPH)
|
Batting: SHB Gregg Whitecotton
|
0-0: Called Strike 0-1: Swinging Strike 0-2: Ball 1-2: Strikes out swinging
|
Top of the 9th over - 0 runs, 0 hits, 0 errors, 0 left on base; New Hampshire 0 - Jackson 4 |
|